 Dungeon Crawl Stone Soup version 0.14.0-26-g1682e81 (webtiles) character file.

8319 Maka the Grappler (level 11, -3/101 HPs)
             Began as a Troll Berserker on Apr 27, 2014.
             Was a High Priest of Trog.
             Slain by a green rat (4 damage)
             ... on Level 4 of the Lair of Beasts.
             The game lasted 00:24:38 (5719 turns).

Maka the Grappler (Troll Berserker)                 Turns: 5719, Time: 00:24:38

HP  -3/101       AC  8     Str 30      XL: 11   Next:  0%
MP   4/4         EV 15     Int  3      God: Trog [*****.]
Gold 568         SH  0     Dex 12      Spells:  0 memorised, 10 levels left

rFire  + . .     SeeInvis .       - Unarmed
rCold  + . .     Clarity  .     t - +2 robe {rC+ rF+}
rNeg   . . .     Conserve .     (shield restricted)
rPois  .         rCorr    .     (helmet restricted)
rElec  .         rRot     .     v - +0 cloak
SustAb . .       Spirit   .     (gloves unavailable)
rMut   .         Warding  .     (boots unavailable)
Gourm  +         Stasis   .     (no amulet)
MR     ++...                    (no ring)
                                F - +3 ring of strength

@: regenerating, lethally poisoned, very slightly contaminated, very resistant
to hostile enchantments, unstealthy
A: unfitting armour, claws 3, fast metabolism 3, gourmand, regeneration 2,
saprovore 2, shaggy fur 1, tough skin 2
a: Burn Spellbooks, Berserk, Trog's Hand, Brothers in Arms, Renounce Religion


You were on level 4 of the Lair of Beasts.
You worshipped Trog.
Trog was extremely pleased with you.
You were not hungry.

You visited 2 branches of the dungeon, and saw 12 of its levels.
You also visited: Sewer and Ice Cave.

You collected 568 gold pieces.

Inventory:

Hand weapons
 b - a +0 blowgun
Missiles
 C - 5 large rocks (quivered)
 I - 8 curare-tipped needles
Armour
 t - a +2 robe of resistance (worn)
 v - a +0 cloak (worn)
 D - a +0 shield of positive energy
Magical devices
 f - a wand of frost (7)
 g - a wand of slowing (0)
 m - a wand of frost (11)
 x - a wand of disintegration (4)
 y - a wand of cold (8)
 z - a wand of flame (8)
 B - a wand of digging (2)
 H - a wand of confusion (6)
 J - a wand of flame (3)
 K - a wand of paralysis (11)
 M - a wand of frost (14)
 N - a wand of paralysis (9)
 Y - a wand of heal wounds (4)
 Z - a wand of teleportation (6)
Comestibles
 a - 2 meat rations
 i - 3 bread rations
Scrolls
 l - 7 scrolls of remove curse
 n - 2 scrolls of enchant weapon I
 u - a scroll of enchant weapon II
 w - 4 scrolls of teleportation
Jewellery
 r - an uncursed ring of fire
 F - a +3 ring of strength (left claw)
Potions
 c - 6 potions of curing
 d - 3 potions of restore abilities
 e - 2 potions of brilliance
 h - a potion of lignification
 k - 5 potions of heal wounds
 o - 2 potions of resistance
 q - 2 potions of agility
 s - 3 potions of haste
 E - a potion of paralysis {unknown}
Books
 j - a book of Geomancy

   Spells                             Type                      Level
   Sandblast                          Earth                        1
   Stoneskin                          Transmutation/Earth          2
   Passwall                           Transmutation/Earth          3
   Stone Arrow                        Conjuration/Earth            3
   Petrify                            Transmutation/Earth          4
   Lee's Rapid Deconstruction         Earth                        5
   Trog disapproves of the use of such an item.
 G - a book of Battle

   Spells                             Type                      Level
   Infusion                           Charms                       1
   Shroud of Golubria                 Charms/Translocation         2
   Song of Slaying                    Charms                       2
   Spectral Weapon                    Hexes/Charms                 3
   Regeneration                       Charms/Necromancy            3
   Trog disapproves of the use of such an item.
 L - a book of Death

   Spells                             Type                      Level
   Corpse Rot                         Necromancy                   2
   Sublimation of Blood               Necromancy                   2
   Agony                              Necromancy                   5
   Dispel Undead                      Necromancy                   5
   Excruciating Wounds                Charms/Necromancy            5
   Bolt of Draining                   Conjuration/Necromancy       5
   Trog disapproves of the use of such an item.
 O - a book of the Warp

   Spells                             Type                      Level
   Control Teleport                   Charms/Translocation         4
   Phase Shift                        Translocation                5
   Warp Weapon                        Charms/Translocation         5
   Summon Forest                      Summoning/Translocation      5
   Dispersal                          Translocation                6
   Controlled Blink                   Translocation                7
   Disjunction                        Translocation                8
   Trog disapproves of the use of such an item.


   Skills:
 + Level 4.6 Fighting
 - Level 10.7 Dodging
 - Level 11.0 Unarmed Combat


You had 10 spell levels left.
You didn't know any spells.

Dungeon Overview and Level Annotations

Branches:
Dungeon (8/15)             Temple (0/1) D:7            Lair (4/8) D:8
  Swamp: Lair:3-6    Shoals: Lair:3-6     Snake: Lair:3-6    Spider: Lair:3-6

Altars:
Makhleb
Vehumet
Xom
Zin
The Shining One


Innate Abilities, Weirdness & Mutations

You are too large for most types of armour.
You have claws for hands.
Your metabolism is lightning-fast.
You like to eat raw meat.
You heal very quickly.
You can eat rotten meat.
You are covered in fur (AC +1).
You have very tough skin (AC +2).


Message History

You hit the green rat.
The green rat begins to bleed from its wounds!
The green rat is moderately wounded.
You feel sick. The blink frog closely misses you. The water moccasin bites you.
* * * LOW HITPOINT WARNING * * *
The green rat closely misses you. The green rat barely misses you.
The green rat completely misses you. The green rat misses you.
The blink frog hits you!
* * * LOW HITPOINT WARNING * * *
The green rat bites you.
* * * LOW HITPOINT WARNING * * *
Read which item? (? for menu, Esc to quit)
Blink to where?
Press: ? - help, Dir - move target cursor
As you read the scroll of blinking, it crumbles to dust.
You are very lightly contaminated with residual magic.
You feel sick. The blink frog hits you!
* * * LOW HITPOINT WARNING * * *
The green rat bites you.
You die...

.... ..........
...?.......♣
............♣♣
.............♣♣♣
................
................
♣.$...(...........
♣......FF@........
♣......lrr........
......FrSr.......
.......Frr.......
........D.?..♣♣♣
..........§..♣♣
.............♣♣
..........[..
.♣♣♣..U....


You could see a six-headed hydra, a polar bear, a komodo dragon, 4 blink frogs,
a water moccasin and 6 green rats.

Vanquished Creatures
  Nergalle (Lair:2)
  Erolcha (D:8)
  Joseph (D:7)
  Maurice (D:8)
  A fire drake (Lair:2)
  Grinder (D:4)
  2 komodo dragons
  3 yaks (Lair:3)
  2 hippogriffs
  Eustachio (D:7)
  2 water moccasins (Lair:1)
  2 porcupines
  Menkaure (D:4)
  3 orc warriors
  A phantom (D:7)
  7 ice beasts (IceCv)
  3 ogres
  A sky beast (D:5)
  2 crocodiles
  A centaur (D:6)
  Sigmund (D:2)
  Duvessa (D:4)
  A giant slug (Lair:2)
  A big kobold (D:8)
  Blork the orc (D:8)
  3 giant frogs
  A scorpion (D:7)
  6 killer bees (D:8)
  A wandering mushroom (D:8)
  Dowan (D:4)
  2 hounds
  Crazy Yiuf (D:2)
  An iguana (D:5)
  3 worker ants
  3 orc priests (D:6)
  6 orc wizards
  Natasha (thrice) (D:4)
  Ijyb (D:3)
  Jessica (D:3)
  An ogre skeleton (D:5)
  Terence (D:2)
  3 gnolls (D:3)
  9 green rats
  18 adders
  2 shadow imps
  12 white imps (Lair:2)
  3 giant mites
  3 worms
  5 giant geckos
  An ooze (D:2)
  19 orcs
  25 bats
  A bat skeleton (D:7)
  A bat zombie (D:6)
  A giant cockroach (D:3)
  12 goblins
  16 hobgoblins
  16 jackals
  2 quokkas
  3 ball pythons
  10 giant newts
  A goblin skeleton (D:3)
  A hobgoblin skeleton (D:4)
  10 kobolds
  A kobold skeleton (D:5)
  An orc skeleton (D:6)
  12 rats
  A rat skeleton (D:6)
  A fungus (D:8)
267 creatures vanquished.

Notes
Turn   | Place    | Note
--------------------------------------------------------------
     0 | D:1      | Maka, the Troll Berserker, began the quest for the Orb.
     0 | D:1      | Reached XP level 1. HP: 22/22 MP: 1/1
    87 | D:1      | Reached XP level 2. HP: 29/29 MP: 1/1
   415 | D:1      | Reached skill level 4 in Unarmed Combat
   683 | D:2      | Noticed Crazy Yiuf
   689 | D:2      | Killed Crazy Yiuf
   689 | D:2      | Reached XP level 3. HP: 36/36 MP: 2/2
   769 | D:2      | Acquired Trog's second power
   816 | D:2      | Noticed Sigmund
   833 | D:2      | Killed Sigmund
   833 | D:2      | Reached skill level 5 in Unarmed Combat
   833 | D:2      | Reached XP level 4. HP: 28/44 MP: 2/2
   834 | D:2      | Reached XP level 5. HP: 32/50 MP: 2/2
   869 | D:2      | Noticed Terence
   883 | D:2      | Killed Terence
  1098 | D:3      | Reached skill level 6 in Unarmed Combat
  1240 | D:3      | Noticed Ijyb
  1248 | D:3      | Killed Ijyb
  1464 | D:3      | Reached XP level 6. HP: 53/59 MP: 3/3
  1534 | D:3      | Noticed Jessica
  1539 | D:3      | Killed Jessica
  1539 | D:3      | Reached skill level 7 in Unarmed Combat
  1668 | D:4      | Noticed Grinder
  1681 | D:4      | Killed Grinder
  1681 | D:4      | Reached XP level 7. HP: 63/66 MP: 3/3
  1778 | D:4      | Noticed Natasha
  1783 | D:4      | Killed Natasha
  1789 | D:4      | Noticed Natasha
  1798 | D:4      | Killed Natasha
  1854 | D:4      | Noticed Duvessa
  1871 | D:4      | Noticed Dowan
  1877 | D:4      | Killed Duvessa
  1877 | D:4      | Reached skill level 8 in Unarmed Combat
  1887 | D:4      | Killed Dowan
  1891 | D:4      | Noticed Menkaure
  1987 | D:3      | Acquired Trog's third power
  2066 | D:4      | Killed Menkaure
  2066 | D:4      | Reached XP level 8. HP: 71/78 MP: 3/3
  2155 | D:4      | Noticed Natasha
  2160 | D:4      | Killed Natasha
  2209 | D:5      | Entered Level 5 of the Dungeon
  2359 | D:5      | Found a burning altar of Makhleb.
  2525 | D:5      | Reached skill level 9 in Unarmed Combat
  2889 | D:6      | Found a glowing drain.
  2894 | Sewer    | Entered a sewer
  3037 | Sewer    | Noticed vatarom's ghost (average DrBe)
  3294 | D:6      | Reached skill level 10 in Unarmed Combat
  3367 | D:6      | Found a radiant altar of Vehumet.
  3572 | D:6      | Received a gift from Trog
  3643 | D:6      | Reached XP level 9. HP: 42/84 MP: 4/4
  3688 | D:6      | Identified a scroll of acquirement
  3758 | D:7      | Noticed Eustachio
  3762 | D:7      | Killed Eustachio
  3762 | D:7      | Reached skill level 11 in Unarmed Combat
  3777 | D:7      | Found a staircase to the Ecumenical Temple.
  4122 | D:7      | Reached skill level 5 in Dodging
  4236 | D:7      | Noticed Joseph
  4247 | D:7      | Killed Joseph
  4311 | D:8      | Found a glowing silver altar of Zin.
  4366 | D:8      | Found a shimmering altar of Xom.
  4367 | D:8      | Found a glowing golden altar of the Shining One.
  4577 | D:8      | Noticed Blork the orc
  4589 | D:8      | Killed Blork the orc
  4716 | D:8      | Noticed Maurice
  4730 | D:8      | Killed Maurice
  4730 | D:8      | Reached XP level 10. HP: 64/92 MP: 4/4
  4769 | D:8      | Found a staircase to the Lair.
  4771 | D:8      | Noticed Erolcha
  4786 | D:8      | Killed Erolcha
  4901 | Lair:1   | Entered Level 1 of the Lair of Beasts
  5147 | Lair:2   | Received a gift from Trog
  5354 | Lair:2   | Found a frozen archway.
  5383 | IceCv    | Entered an ice cave
  5401 | IceCv    | Reached skill level 10 in Dodging
  5511 | Lair:2   | Noticed Nergalle
  5531 | Lair:2   | Killed Nergalle
  5676 | Lair:3   | Reached XP level 11. HP: 97/101 MP: 4/4
  5710 | Lair:4   | Noticed a six-headed hydra
  5719 | Lair:4   | HP: 1/101 [blink frog (9)]
  5719 | Lair:4   | Slain by a green rat

Action                   |  1- 3 |  4- 6 |  7- 9 | 10-12 || total
-------------------------+-------+-------+-------+-------++-------
Melee: Unarmed           |    87 |   107 |   404 |   187 ||   785
Invok: Berserk           |     2 |       |     1 |     1 ||     4
       Trog's Hand       |     1 |     2 |     2 |     3 ||     8
Evoke: Wand              |       |     2 |     4 |     1 ||     7
  Use: Scroll            |       |     3 |    18 |     3 ||    24
       Potion            |       |       |       |     1 ||     1
 Stab: Confused          |       |     1 |       |       ||     1
